 Dungeon Crawl Stone Soup version 0.28.0-45-g0d030f2227 (webtiles) character file.

Game seed: 8432216446262722792

248 DearestLeader the Shield-Bearer (level 6, -4/53 HPs)
             Began as a Gnoll Fighter on Apr 4, 2022.
             Slain by a black bear (5 damage)
             ... on level 4 of the Dungeon.
             The game lasted 00:04:40 (3334 turns).

DearestLeader the Shield-Bearer (Gnoll Fighter)     Turns: 3334, Time: 00:04:41

Health: -4/53      AC:  9    Str: 18    XL:     6   Next: 12%
Magic:  8/8        EV:  9    Int:  7    God:
Gold:   231        SH:  5    Dex: 11    Spells: 8/8 levels left

rFire   . . .      SeeInvis .   a - +0 war axe
rCold   . . .      Faith    .   c - +0 buckler
rNeg    + + .      Spirit   .   b - +0 scale mail
rPois   .          Reflect  .   (no helmet)
rElec   .          Harm     .   n - +0 cloak
rCorr   .          Rampage  .   (no gloves)
Will    .....                   (no boots)
Stlth   ..........              (no amulet)
HPRegen 0.17/turn               e - ring of positive energy
MPRegen 0.11/turn               j - ring of positive energy

@: mighty
A: fangs 1, strong nose, distributed training
a: no special abilities


You were on level 4 of the Dungeon.
You visited 1 branch of the dungeon, and saw 4 of its levels.

You collected 231 gold pieces.

Inventory:

Hand Weapons
 a - a +0 war axe (weapon)
Missiles
 g - 3 poisoned darts (quivered)
Armour
 b - a +0 scale mail (worn)
 c - a +0 buckler (worn)
 n - a +0 cloak (worn)
Jewellery
 e - a ring of positive energy (left hand)
 h - a ring of flight
 j - a ring of positive energy (right hand)
Scrolls
 i - 4 scrolls of identify {unknown}
 k - a scroll of fog {unknown}
 l - 2 scrolls of teleportation {unknown}
 o - a scroll of fear {unknown}
 q - a scroll of blinking {unknown}
Potions
 f - 2 potions of mutation {unknown}
 m - a potion of resistance {unknown}
 p - a potion of invisibility {unknown}
 r - a potion of degeneration {unknown}


   Skills:
 + Level 6.8 Fighting
 + Level 1.8 Short Blades
 + Level 1.8 Long Blades
 + Level 4.9 Axes
 + Level 1.8 Maces & Flails
 + Level 1.8 Polearms
 + Level 1.8 Staves
 + Level 1.8 Slings
 + Level 1.8 Bows
 + Level 1.8 Crossbows
 + Level 1.8 Throwing
 + Level 6.8 Armour
 + Level 1.8 Dodging
 + Level 1.8 Stealth
 + Level 6.8 Shields
 + Level 1.8 Unarmed Combat
 + Level 1.8 Spellcasting
 + Level 1.4 Conjurations
 + Level 1.4 Hexes
 + Level 1.4 Summonings
 + Level 1.4 Necromancy
 + Level 1.4 Translocations
 + Level 1.4 Transmutations
 + Level 1.4 Fire Magic
 + Level 1.4 Ice Magic
 + Level 1.4 Air Magic
 + Level 1.4 Earth Magic
 + Level 1.4 Poison Magic
 + Level 2.0 Invocations
 + Level 1.8 Evocations


You had 8 spell levels left.
You didn't know any spells.
Your spell library contained the following spells:

 Spells                   Type           Power      Damage    Failure   Level
 Sting                    Tmut/Pois      8%         1d3       61%         1
 Poisonous Vapours        Pois/Air       4%         N/A       75%         2
 Portal Projectile        Hex/Tloc       4%         N/A       93%         3
 Olgreb's Toxic Radiance  Pois           2%         N/A       100%        4
 Blade Hands              Tmut           1%         N/A       100%        5
 Excruciating Wounds      Necr           1%         N/A       100%        5


Dungeon Overview and Level Annotations

Branches:
Dungeon (4/15)
 Temple: D:4-7

Altars:

Annotations:
D:3 3 runed translucent doors, dangdung's ghost, amateur OpTm


Innate Abilities, Weirdness & Mutations

You have very sharp teeth.
Your uncanny sense of smell can sniff out nearby items.
Your experience applies equally to all skills.


Message History

You bite the black bear, but do no damage.
The black bear is severely wounded.
The black bear goes berserk!
You hit the black bear.
The black bear is severely wounded.
The black bear bites you.
The black bear claws you but does no damage.
You block the black bear's attack. The black bear bites you.
The black bear claws you but does no damage.
The black bear closely misses you.
You are too injured to fight recklessly!
You are too injured to fight recklessly!
You are too injured to fight recklessly!
You are too injured to fight recklessly!
You closely miss the black bear.
The black bear is severely wounded.
The black bear bites you. The black bear claws you.
The black bear claws you but does no damage.
The black bear barely misses you.
The black bear claws you but does no damage.
The black bear claws you.
Sorry, you're not good enough to have a special ability.
You feel very mighty all of a sudden.
The black bear bites you but does no damage.
The black bear claws you.
* * * LOW HITPOINT WARNING * * *
You block the black bear's attack.
You hit the black bear.
The black bear is almost dead.
The black bear bites you.
* * * LOW HITPOINT WARNING * * *
The black bear completely misses you.
The black bear claws you but does no damage.
The black bear bites you!
* * * LOW HITPOINT WARNING * * *
You block the black bear's attack. The black bear barely misses you.
You completely miss the black bear.
The black bear is almost dead.
You block the black bear's attack. x2; The black bear claws you.
You die...

#.# #.#.# #.# ##.#
#.#.# #.# ...#
#.#.## #.# ####
###..#.###.#
#...###....#
#########.#..#.#####
............#....#
######.#########.#
#.# #@# #.# #h#
######.# #.#
.......# #.#
##.#.### #.# #.#.#
#.# #†#.### #.#
#.#...# #?# ##.###.#


You could see a black bear (berserk).

Vanquished Creatures
  A scorpion (D:4)
  A hound (D:4)
  4 adders
  An adder skeleton (D:4)
  2 worms
  3 dart slugs
  9 orcs (D:3)
  5 ball pythons
  9 endoplasms
  3 giant cockroaches
  10 goblins
  10 hobgoblins
  8 jackals
  4 quokkas
  3 bats
  5 frilled lizards
  7 kobolds
  3 rats
88 creatures vanquished.

Vanquished Creatures (others)
  13 plants (D:3)
13 creatures vanquished.

Grand Total: 101 creatures vanquished

Notes
Turn   | Place    | Note
-------+----------+-------------------------------------------
     0 | D:1      | DearestLeader the Gnoll Fighter began the quest for the
                  | Orb.
     0 | D:1      | Reached XP level 1. HP: 23/23 MP: 1/1
    42 | D:1      | Reached XP level 2. HP: 28/29 MP: 2/2
   286 | D:1      | Found a faded altar of an unknown god.
   341 | D:1      | Reached XP level 3. HP: 27/35 MP: 3/3
  1368 | D:2      | Reached skill level 1 in Invocations
  1478 | D:2      | Reached skill level 1 in Short Blades
  1478 | D:2      | Reached skill level 1 in Long Blades
  1478 | D:2      | Reached skill level 1 in Maces & Flails
  1478 | D:2      | Reached skill level 1 in Polearms
  1478 | D:2      | Reached skill level 1 in Staves
  1478 | D:2      | Reached skill level 1 in Slings
  1478 | D:2      | Reached skill level 1 in Bows
  1478 | D:2      | Reached skill level 1 in Crossbows
  1478 | D:2      | Reached skill level 1 in Throwing
  1478 | D:2      | Reached skill level 1 in Dodging
  1478 | D:2      | Reached skill level 1 in Stealth
  1478 | D:2      | Reached skill level 1 in Unarmed Combat
  1478 | D:2      | Reached skill level 1 in Spellcasting
  1478 | D:2      | Reached skill level 1 in Evocations
  1668 | D:2      | Reached XP level 4. HP: 33/41 MP: 5/5
  1993 | D:3      | Reached skill level 1 in Conjurations
  1993 | D:3      | Reached skill level 1 in Hexes
  1993 | D:3      | Reached skill level 1 in Summonings
  1993 | D:3      | Reached skill level 1 in Necromancy
  1993 | D:3      | Reached skill level 1 in Translocations
  1993 | D:3      | Reached skill level 1 in Transmutations
  1993 | D:3      | Reached skill level 1 in Fire Magic
  1993 | D:3      | Reached skill level 1 in Ice Magic
  1993 | D:3      | Reached skill level 1 in Air Magic
  1993 | D:3      | Reached skill level 1 in Earth Magic
  1993 | D:3      | Reached skill level 1 in Poison Magic
  2293 | D:3      | Reached XP level 5. HP: 42/47 MP: 6/6
  2395 | D:3      | Noticed dangdung's ghost (amateur OpTm)
  2396 | D:3      | Found a runed translucent gate.
  2552 | D:3      | Found a runed translucent gate.
  2553 | D:3      | Found a runed translucent gate.
  3071 | D:4      | Reached XP level 6. HP: 53/53 MP: 8/8
  3318 | D:4      | Noticed a black bear
  3333 | D:4      | HP: 1/53 [black bear (8)]
  3334 | D:4      | Slain by a black bear

Illustrated notes

Levels and vault maps discovered:
D:1:      onia_arrival_pyramid, layout_loops_corners,
          hellmonk_ecumenical_altar_blasted, serial_glass, glass_columns_a,
          glass_columns_a, minmay_heptomino_d4
D:2:      layout_loops_ring
D:3:      layout_loops_ring, gammafunk_ghost_split, kennysheep_boxes
D:4:      layout_loops_ring, pdpol_wu_jian_five_deadly_venoms

Skill      XL: |  1  2  3  4  5 |
---------------+----------------+-----
Invocations    | 1 2 |  2.0
Short Blades   | 1 |  1.8
Long Blades    | 1 |  1.8
Maces & Flails | 1 |  1.8
Polearms       | 1 |  1.8
Staves         | 1 |  1.8
Slings         | 1 |  1.8
Bows           | 1 |  1.8
Crossbows      | 1 |  1.8
Throwing       | 1 |  1.8
Dodging        | 1 |  1.8
Stealth        | 1 |  1.8
Unarmed Combat | 1 |  1.8
Spellcasting   | 1 |  1.8
Evocations     | 1 |  1.8
Conjurations   | 1 |  1.4
Hexes          | 1 |  1.4
Summonings     | 1 |  1.4
Necromancy     | 1 |  1.4
Translocations | 1 |  1.4
Transmutations | 1 |  1.4
Fire Magic     | 1 |  1.4
Ice Magic      | 1 |  1.4
Air Magic      | 1 |  1.4
Earth Magic    | 1 |  1.4
Poison Magic   | 1 |  1.4
Fighting       | |  6.8
Axes           | |  4.9
Armour         | |  6.8
Shields        | |  6.8

Action                   |  1- 3 |  4- 6 || total
-------------------------+-------+-------++-------
Melee: War axe           |   101 |   148 ||   249
       Bite              |     6 |    11 ||    17
  Use: Potion            |       |     1 ||     1
Armor: Scale mail        |    35 |    81 ||   116
Dodge: Dodged            |    38 |    70 ||   108
Block: Buckler           |    24 |    37 ||    61
